 Dungeon Crawl Stone Soup version 0.21.1-1-g345015f (webtiles) character file.

50927 zishaf the Fighter (level 14, -2/132 HPs)
             Began as a Hill Orc Fighter on May 7, 2018.
             Was a High Priest of Beogh.
             Hit by a large rock thrown by a cyclops (20 damage)
             ... on level 1 of the Orcish Mines.
             The game lasted 01:16:01 (18513 turns).

zishaf the Fighter (Hill Orc Fighter)              Turns: 18513, Time: 01:16:01

Health: -2/132     AC: 21    Str: 34    XL:     14   Next: 57%
Magic:  26/27      EV: 12    Int:  7    God:    Beogh [*****.]
Gold:   1331       SH: 15    Dex: 25    Spells: 24/27 levels left

rFire    . . .     SeeInvis .   a - +5 hand axe of Vaohumiu {freeze, rC+ Str+7 Int-3}
rCold    + + .     Gourm    .   c - +0 shield
rNeg     . . .     Faith    .   m - +3 plate armour {rC+}
rPois    .         Spirit   .   (no helmet)
rElec    +         Reflect  .   y - +0 cloak
rCorr    .         Harm     .   l - +2 pair of gloves of Wu Jian's Whim {Int+2}
MR       +....                  (no boots)
Stlth    ..........             K - amulet "Wamague" {RegenMP rElec Str+4}
HPRegen  0.32/turn              O - +2 ring of strength
MPRegen  0.45/turn              e - +5 ring of dexterity

@: agile
A: walk on water, agile 1, deterioration 1, high mp 1
a: Smiting, Recall Orcish Followers, Give Item to Named Follower, Renounce
Religion


You were on level 1 of the Orcish Mines.
You worshipped Beogh.
Beogh was extremely pleased with you.
You were not hungry.

You visited 5 branches of the dungeon, and saw 20 of its levels.
You also visited: Sewer.

You collected 1331 gold pieces.

Inventory:

Hand Weapons
 a - the +5 hand axe of Vaohumiu (weapon) {freeze, rC+ Str+7 Int-3}
   (You found it on level 7 of the Dungeon)

   It has been specially enchanted to freeze those struck by it, causing extra
   injury to most foes and up to half again as much damage against particularly
   susceptible opponents.
   It can also slow down cold-blooded creatures.
   It affects your strength (+7).
   It affects your intelligence (-3).
   It protects you from cold.
 b - a +2 shortbow of freezing
 E - a +1 hand axe of chopping
 Y - a +0 morningstar of venom
Missiles
 p - 214 arrows
Armour
 c - a +0 shield (worn)
 h - a +2 chain mail of poison resistance
 l - the +2 pair of gloves of Wu Jian's Whim (worn) {Int+2}
   (You acquired it on level 8 of the Dungeon)

   It affects your intelligence (+2).
 m - a +3 plate armour of cold resistance (worn)
 y - a +0 cloak (worn)
Jewellery
 e - a +5 ring of dexterity (right hand)
 u - an uncursed ring of positive energy
 v - an uncursed ring of protection from magic
 A - an uncursed amulet of guardian spirit
 J - an uncursed amulet of the gourmand {unknown}
 K - the amulet "Wamague" (around neck) {RegenMP rElec Str+4}
   (You acquired it on level 8 of the Dungeon)

   [amulet of magic regeneration]

   It increases your magic regeneration.
   It affects your strength (+4).
   It insulates you from electricity.
 O - a +2 ring of strength (left hand)
 S - a +4 amulet of reflection {unknown}
 T - a +3 amulet of reflection {unknown}
Wands
 z - a wand of iceblast (5)
 F - a wand of polymorph (10)
 L - a wand of flame (51)
 U - a wand of acid (9)
 Z - a wand of digging (22)
Scrolls
 i - 3 scrolls of fog
 j - a scroll of blinking
 n - 4 scrolls of amnesia
 w - 4 scrolls of enchant armour
 x - 10 scrolls of remove curse
 C - 12 scrolls of teleportation
 G - 2 scrolls of enchant weapon
 I - a scroll of magic mapping {unknown}
 M - a scroll of brand weapon
 N - 2 scrolls of identify
 X - 3 scrolls of immolation
Potions
 o - 2 potions of brilliance
 q - 3 potions of lignification
 t - 4 potions of agility
 B - a potion of invisibility
 D - 3 potions of curing
 H - 2 potions of cancellation
 V - 3 potions of flight
Books
 r - a book of Callings

   Spells                             Type                      Level
   a - Summon Small Mammal            Summoning                    1
   b - Call Imp                       Summoning                    2
   c - Call Canine Familiar           Summoning                    3
   d - Summon Guardian Golem          Hexes/Summoning              3
   e - Summon Lightning Spire         Summoning/Air                4
   f - Summon Ice Beast               Ice/Summoning                4
 R - a book of Battle

   Spells                             Type                      Level
   a - Infusion                       Charms                       1
   b - Shroud of Golubria             Charms/Translocation         2
   c - Song of Slaying                Charms                       2
   d - Spectral Weapon                Hexes/Charms                 3
   e - Regeneration                   Charms/Necromancy            3
Comestibles
 d - 11 chunks of flesh
 f - 26 rations


   Skills:
 + Level 14.2 Fighting
 - Level 14.0 Axes
 - Level 6.0 Bows
 + Level 8.7 Armour
 - Level 11.0 Shields
 * Level 7.2 Spellcasting
 - Level 9.0 Summonings
 - Level 6.0 Invocations


You had 24 spell levels left.
You knew the following spells:

 Your Spells              Type           Power        Failure   Level  Hunger
a - Summon Guardian Gole  Hex/Summ       #.......     71%         3    ###....


Dungeon Overview and Level Annotations

Branches:
Dungeon (10/15)            Temple (1/1) D:5            Lair (6/6) D:9
  Swamp (0/4) Lair:3       Spider (1/4) Lair:2        Slime (0/5) Lair:6
    Orc (2/2) D:10            Elf (0/3) Orc:2

Altars:
Ashenzari
Cheibriados
Dithmenos
Elyvilon
Fedhas
Gozag
Hepliaklqana
Kikubaaqudgha
Makhleb
Nemelex Xobeh
Okawaru
Qazlal
Ru
Sif Muna
Trog
Uskayaw
Vehumet
Wu Jian
Xom
Yredelemnul
Zin
The Shining One
Beogh
Jiyva

Shops:
D:10 ?


Innate Abilities, Weirdness & Mutations

You can walk on water.
You are agile. (Dex +2)
Your body sometimes deteriorates upon taking damage.
You have an increased reservoir of magic. (+10% MP)


Message History

Olfik roars a battlecry!
Your orc knight goes into a battle-frenzy!
Your orc knight hits the two-headed ogre with a hand axe.
Your orc knight hits the ogre with a hand axe!
Your orc knight hits the two-headed ogre with a hand axe!
There is a stone staircase leading up here.
You begin recalling your allies.
Your orc knight is recalled.
Olfik is recalled.
You finish recalling your allies.
You block the ogre's attack.
Olfik hits the two-headed ogre with the +7 short sword of Arbitration {antimagic, rC+++ Str+3}!!!
The two-headed ogre dies!
Beogh accepts your kill.
You climb upwards.
The orc sorcerer shouts!
The cyclops shouts!
You hear a shout!
The orc sorcerer casts a spell at you. The bolt of fire hits you!
* * * LOW HITPOINT WARNING * * *
The cyclops throws a large rock.
The large rock hits you!!
You die...

# o ## .#
.. ...
.#... ....
...$.#
#....##
#.....#
#..Co#..$.#
#....@...#
#..$....###
####..o..#
#.#.#.##
###. ## ##


You could see a cyclops, an orc sorcerer, an orc and the friendly Olfik the orc
warlord.

Vanquished Creatures
  A hydra (Lair:6)
  5 two-headed ogres
  An unseen horror (D:10)
  A lindwurm (Lair:6)
  2 orb spiders (Spider:1)
  An oklob plant (Lair:5)
  6 wolf spiders (Spider:1)
  4 elephants
  Joseph (D:8)
  3 black mambas
  5 spiny frogs
  6 komodo dragons
  8 jumping spiders (Spider:1)
  A polar bear (Lair:6)
  3 trolls
  5 blink frogs
  6 hornets
  Grinder (D:5)
  6 hippogriffs
  8 dream sheep
  Sigmund (D:5)
  A shadow (D:10)
  11 spriggans (Lair:6)
  6 redbacks (Spider:1)
  2 tarantellas
  13 yaks
  Eustachio (D:5)
  Grum (D:9)
  Edmund (D:4)
  5 insubstantial wisps (Lair:3)
  7 water moccasins
  6 porcupines
  10 orc warriors
  2 ice beasts
  2 black bears (Lair:6)
  A necrophage (D:9)
  2 phantoms
  8 ogres
  2 boggarts (Lair:6)
  8 wolves
  3 centaurs
  8 crocodiles
  A big kobold (D:10)
  Blork the orc (D:5)
  12 bullfrogs
  A wyvern skeleton (D:6)
  3 scorpions
  10 killer bees
  4 wights (D:7)
  2 howler monkeys (D:7)
  2 crimson imps
  2 bullfrog zombies
  A centaur zombie (D:5)
  A quasit (D:10)
  A gnoll shaman (D:4)
  2 orc priests
  7 hounds
  6 jellies
  13 orc wizards
  Crazy Yiuf (D:2)
  3 bullfrog skeletons
  2 centaur skeletons
  An iguana (D:10)
  8 worker ants
  2 hound zombies
  A hound skeleton (D:9)
  7 gnolls
  10 adders
  A river rat (D:4)
  A shadow imp (D:6)
  2 adder skeletons (D:4)
  4 worms
  2 dart slugs (D:3)
  7 leopard geckos
  69 orcs
  11 giant cockroaches
  7 goblins
  6 hobgoblins
  13 jackals
  5 quokkas
  5 ball pythons
  6 bats
  15 frilled lizards
  A jackal skeleton (D:6)
  12 kobolds
  A quokka zombie (D:5)
  13 rats
  A bush (Lair:2)
  5 fungi
466 creatures vanquished.

Vanquished Creatures (collateral kills)
  3 hydras
  6 two-headed ogres (Orc:2)
  2 ogre magi (Orc:2)
  A lindwurm (Lair:6)
  2 orb spiders (Spider:1)
  4 wolf spiders (Spider:1)
  An oklob plant (Lair:4)
  6 elephants
  2 black mambas
  2 rime drakes
  11 spiny frogs
  2 komodo dragons (Lair:6)
  A troll (Orc:2)
  A hornet (Lair:6)
  A polar bear (Lair:2)
  A jumping spider (Spider:1)
  7 dream sheep
  8 blink frogs
  4 spriggans (Lair:6)
  A hippogriff (Lair:6)
  3 redbacks (Spider:1)
  5 yaks
  An insubstantial wisp (Lair:3)
  A warg (Orc:2)
  4 water moccasins
  An orc warrior (Orc:2)
  3 black bears (Lair:6)
  14 ogres (Orc:2)
  9 wolves (Lair:6)
  A boggart (Lair:6)
  6 crocodiles
  2 bullfrogs
  2 vampire bats (Lair:6)
  8 jellies (Lair:4)
  A bullfrog skeleton (D:10)
  An orc wizard (Orc:2)
  11 oozes (Lair:4)
  5 orcs
  8 bats (Lair:6)
  2 bushes
  A fungus (Lair:3)
  3 plants
158 creatures vanquished.

Vanquished Creatures (others)
  2 orc knights
  3 orc warriors (Orc:2)
  6 orc priests
  5 orc wizards (Orc:2)
  6 orcs (Orc:2)
  A bush (Lair:4)
  8 fungi
  23 plants
54 creatures vanquished.

Grand Total: 678 creatures vanquished

Notes
Turn   | Place    | Note
-------+----------+-------------------------------------------
     0 | D:1      | zishaf the Hill Orc Fighter began the quest for the Orb.
     0 | D:1      | Reached XP level 1. HP: 19/19 MP: 1/1
   179 | D:1      | Reached XP level 2. HP: 27/27 MP: 2/2
   446 | D:1      | Reached XP level 3. HP: 33/33 MP: 3/3
   752 | D:2      | Found a blossoming altar of Fedhas.
   752 | D:2      | Found an ancient bone altar of Kikubaaqudgha.
   793 | D:2      | Found a shimmering altar of Xom.
   797 | D:2      | Noticed an angel
   798 | D:2      | Found a glowing silver altar of Zin.
  1009 | D:2      | Reached XP level 4. HP: 40/41 MP: 4/4
  1074 | D:2      | HP: 2/41 [kobold/club (5)]
  1429 | D:2      | Found a runed door.
  1857 | D:2      | Noticed Crazy Yiuf
  1863 | D:2      | Killed Crazy Yiuf
  1928 | D:3      | Reached XP level 5. HP: 27/47 MP: 5/5
  2001 | D:3      | Reached skill level 5 in Fighting
  2466 | D:3      | Reached skill level 5 in Axes
  2831 | D:4      | Reached XP level 6. HP: 56/56 MP: 6/6
  2838 | D:4      | Reached skill level 5 in Shields
  2951 | D:4      | Noticed Edmund
  2968 | D:4      | Killed Edmund
  2968 | D:4      | Reached XP level 7. HP: 15/63 MP: 7/7
  3013 | D:4      | Found a glowing drain.
  3047 | Sewer    | Entered a sewer
  4410 | D:4      | Reached XP level 8. HP: 63/73 MP: 8/8
  4528 | D:5      | Entered Level 5 of the Dungeon
  4626 | D:5      | Noticed Grinder
  4634 | D:5      | Killed Grinder
  4952 | D:5      | Noticed Eustachio
  4958 | D:5      | Killed Eustachio
  5091 | D:5      | Found a glowing golden altar of the Shining One.
  5203 | D:5      | Noticed Blork the orc
  5223 | D:5      | Killed Blork the orc
  5223 | D:5      | Reached XP level 9. HP: 42/82 MP: 9/9
  5260 | D:5      | Found a staircase to the Ecumenical Temple.
  5260 | D:5      | Noticed Sigmund
  5277 | D:5      | Killed Sigmund
  5590 | Temple   | Entered the Ecumenical Temple
  6383 | D:7      | Found a shadowy altar of Dithmenos.
  6383 | D:7      | Found a snail-covered altar of Cheibriados.
  6388 | D:7      | Found a glowing golden altar of the Shining One.
  6606 | D:7      | Got a transparent hand axe
  6614 | D:7      | Identified the +5 hand axe of Vaohumiu {freeze, rC+ Str+7 Int-3} (You found it on level 7 of the Dungeon)
  6650 | D:7      | Found a bloodstained altar of Trog.
  6798 | D:7      | Reached skill level 10 in Axes
  6911 | D:7      | Reached skill level 10 in Fighting
  7385 | D:8      | Reached XP level 10. HP: 82/93 MP: 10/10
  7417 | D:8      | Became a worshipper of Beogh the Brigand
  7479 | D:8      | Noticed Joseph
  7493 | D:8      | Killed Joseph
  7610 | D:8      | Identified 2 scrolls of acquirement
  7613 | D:8      | Got a wavering emerald amulet
  7614 | D:8      | Identified the amulet "Wamague" {RegenMP rElec Str+4} (You acquired it on level 8 of the Dungeon)
  7619 | D:8      | Got a pair of jewelled gloves
  7630 | D:8      | Identified the +2 pair of gloves of Wu Jian's Whim {Int+2} (You acquired it on level 8 of the Dungeon)
  7981 | D:8      | Found a white marble altar of Elyvilon.
  8443 | D:9      | Reached skill level 10 in Shields
  8486 | D:9      | Reached skill level 1 in Bows
  8486 | D:9      | Reached skill level 1 in Invocations
  8507 | D:9      | Reached * piety under Beogh
  8791 | D:9      | Noticed Grum
  8807 | D:9      | Killed Grum
  8820 | D:9      | Noticed a two-headed ogre
  8837 | D:9      | Killed a two-headed ogre
  8837 | D:9      | Reached XP level 11. HP: 41/102 MP: 12/14
  8878 | D:9      | Reached ** piety under Beogh
  8955 | D:9      | Found a staircase to the Lair.
  9243 | D:10     | Entered Level 10 of the Dungeon
  9571 | D:10     | Reached skill level 5 in Bows
  9571 | D:10     | Reached skill level 5 in Invocations
  9642 | D:10     | Found Qeym Daro's Magic Scroll Emporium.
  9873 | D:10     | Killed an unseen horror
  9989 | D:10     | Found a roughly hewn altar of Beogh.
  9989 | D:10     | Found a staircase to the Orcish Mines.
 10007 | D:10     | Reached *** piety under Beogh
 10269 | Lair:1   | Entered Level 1 of the Lair of Beasts
 10307 | Lair:1   | Learned a level 3 spell: Summon Guardian Golem
 10430 | Lair:1   | Reached skill level 1 in Summonings
 10597 | Lair:1   | Noticed a seven-headed hydra
 10607 | Lair:1   | Killed a 13-headed hydra
 10841 | Lair:1   | Reached XP level 12. HP: 111/112 MP: 16/16
 11058 | Lair:2   | Found a hole to the Spider Nest.
 11099 | Lair:2   | Reached skill level 5 in Summonings
 11509 | Lair:2   | Gained Olfik as an ally
 11665 | Lair:2   | Got a warped short sword
 11669 | Lair:2   | Identified the +7 short sword of Arbitration {antimagic, rC+++ Str+3} (You found it on level 2 of the Lair of Beasts)
 11951 | Lair:3   | Reached **** piety under Beogh
 11967 | Lair:3   | Reached skill level 1 in Spellcasting
 12099 | Lair:3   | Found a staircase to the Swamp.
 12936 | Lair:4   | Gained Borgk as an ally
 13688 | Lair:5   | Reached ***** piety under Beogh
 13694 | Lair:5   | Noticed a six-headed hydra
 13705 | Lair:5   | Killed a ten-headed hydra
 13705 | Lair:5   | Reached XP level 13. HP: 66/118 MP: 17/17
 14566 | Lair:6   | Entered Level 6 of the Lair of Beasts
 15060 | Lair:6   | Reached skill level 5 in Armour
 15322 | Lair:6   | Reached skill level 5 in Spellcasting
 15445 | Lair:6   | Your ally Borgk died
 15484 | Lair:6   | Reached ****** piety under Beogh
 16030 | Lair:6   | Found a viscous altar of Jiyva.
 16030 | Lair:6   | Found a staircase to the Slime Pits.
 16265 | Lair:6   | Reached XP level 14. HP: 97/129 MP: 22/22
 16593 | Spider:1 | Entered Level 1 of the Spider Nest
 17574 | Spider:1 | Gained mutation: You have an increased reservoir of magic. (+10% MP) [potion of mutation]
 17574 | Spider:1 | Gained mutation: You are weak. (Str -2) [potion of mutation]
 17574 | Spider:1 | Gained mutation: You have a pair of small antennae on your head. [potion of mutation]
 17574 | Spider:1 | Gained mutation: You passively map a small area around you. [potion of mutation]
 17575 | Spider:1 | Lost mutation: You are weak. (Str -2) [potion of mutation]
 17575 | Spider:1 | Lost mutation: You passively map a small area around you. [potion of mutation]
 17575 | Spider:1 | Lost mutation: You have a pair of small antennae on your head. [potion of mutation]
 17575 | Spider:1 | Gained mutation: Your body sometimes deteriorates upon taking damage. [potion of mutation]
 17575 | Spider:1 | Gained mutation: You are agile. (Dex +2) [potion of mutation]
 18282 | Orc:1    | Entered Level 1 of the Orcish Mines
 18282 | Orc:1    | Found a roughly hewn altar of Beogh.
 18348 | Orc:2    | Entered Level 2 of the Orcish Mines
 18432 | Orc:2    | Found a staircase to the Elven Halls.
 18462 | Orc:2    | Gained Morun as an ally
 18477 | Orc:2    | Your ally Morun died
 18513 | Orc:1    | Hit by a large rock thrown by a cyclops

Skill      XL: |  1  2  3  4  5  6  7  8  9 10 11 12 13 14 |
---------------+-------------------------------------------+-----
Axes           | 3 4 5 6 7 8 10 11 12 13 14 | 14.0
Fighting       | 4 5 6 7 8 10 11 12 13 14 | 14.2
Shields        | 4 5 6 7 9 10 11 | 11.0
Bows           | 4 6 |  6.0
Invocations    | 4 6 |  6.0
Summonings     | 4 8 9 |  9.0
Spellcasting   | 3 5 7 |  7.2
Armour         | 6 8 |  8.7

Action                   |  1- 3 |  4- 6 |  7- 9 | 10-12 | 13-15 || total
-------------------------+-------+-------+-------+-------+-------++-------
Melee: War axe           |   131 |   200 |   400 |       |       ||   731
       Hand axe          |       |       |    72 |   639 |   429 ||  1140
Invok: Convert to Beogh  |       |       |       |     1 |       ||     1
       Give Item to Name |       |       |       |       |     1 ||     1
       Recall Orcish Fol |       |       |       |       |     2 ||     2
       Smiting           |       |       |       |       |     1 ||     1
       Resurrection      |       |       |       |       |     1 ||     1
  Use: Scroll            |       |       |     7 |    13 |     1 ||    21
       Potion            |       |       |       |    10 |     8 ||    18
 Stab: Distracted        |       |       |       |       |     6 ||     6
       Invisible         |       |       |       |       |     1 ||     1
  Eat: Chunk             |       |     7 |    12 |    10 |     5 ||    34
       Ration            |       |       |     1 |     3 |     3 ||     7
Armor: Scale mail        |    50 |    13 |       |       |       ||    63
       Plate armour      |       |   130 |   270 |   240 |   118 ||   758
       Chain mail        |       |       |       |       |    41 ||    41
Dodge: Dodged            |    35 |    25 |    71 |    80 |    95 ||   306
Block: Shield            |    74 |   129 |   252 |   325 |   235 ||  1015
